Map: Orbital Shipyard

Players

LilDicky - Winner!

  • Race: Terran Terran
  • League: Diamond

Tempest

  • Race: Protoss Protoss
  • League: Diamond

VOD

http://www.twitch.tv/tumescentpie

Description

Time

  • Played on: Dec. 7, 2015, 8:47 p.m.
  • Length: 6:38
Show
View Real Time Build Order
Export as new Build Order

LilDicky Terran - Winner!

Build Orders: MMM Bio 

Get SALT Encoding   

  12  0:01  SCV  
  13  0:13  SCV  
  14  0:18  Supply Depot  
  14  0:25  SCV  
  15  0:29  Refinery  
  15  0:40  SCV  
  16  0:46  Barracks  
  16  0:53  SCV  
  17  1:06  SCV  
  18  1:18  SCV  
  18  1:31  SCV  
  19  1:40  Marine  
  19  1:42  Supply Depot  
  20  1:47  Factory  
  20  1:49  Orbital Command  
  20  1:59  Marine  
  21  2:17  SCV, Barracks x2  
  22  2:23  Refinery  
  22  2:27  Barracks Reactor  
  22  2:37  SCV  
  23  2:49  SCV  
  24  2:53  Widow Mine  
  26  3:01  SCV  
  27  3:11  Barracks Tech Lab x2  
  27  3:12  Marine x2  
  28  3:13  SCV  
  29  3:22  Widow Mine  
  31  3:37  Supply Depot  
  31  3:38  Stimpack  
  31  3:39  Combat Shields  
  31  3:48  SCV, Marine x2  
  31  3:49  Marauder x2  
  38  4:01  SCV  
  35  4:10  Marauder x2, Marine x2  
  41  4:17  Starport  
  41  4:25  Supply Depot  
  41  4:28  Marine  
  42  4:32  Marauder  
  44  4:41  Marine, Marauder  
  47  4:47  SCV  
  48  4:54  Medivac  
  48  4:55  Supply Depot  
  48  4:58  Marauder  
  52  5:07  Marauder, Marine  
  55  5:17  SCV  
  55  5:19  Supply Depot, Marauder  
  58  5:21  Concussive Shells  
  58  5:23  Marine  
  59  5:28  Medivac  
  59  5:29  SCV  
  59  5:31  Marine  
  61  5:38  Marine  
  61  5:40  Marine  
  49  6:09  Marine  
Show
View Real Time Build Order
Export as new Build Order

Tempest Protoss 

Build Orders: 1 Gate Expand 

Get SALT Encoding   

  12  0:01  Probe (Chrono Boost)  
  13  0:12  Probe (Chrono Boost)  
  14  0:18  Pylon  
  14  0:22  Probe (Chrono Boost)  
  15  0:36  Probe (Chrono Boost)  
  16  0:44  Gateway  
  16  0:47  Probe (Chrono Boost)  
  17  0:51  Assimilator  
  17  0:58  Probe (Chrono Boost)  
  18  1:08  Probe (Chrono Boost)  
  19  1:25  Nexus  
  19  1:33  Probe (Chrono Boost)  
  20  1:40  Cybernetics Core  
  20  1:45  Pylon  
  20  1:52  Probe (Chrono Boost)  
  21  2:02  Probe (Chrono Boost)  
  21  2:04  Assimilator  
  21  2:06  Gateway  
  22  2:13  Probe (Chrono Boost)  
  22  2:24  Mothership Core (Chrono Boost)  
  24  2:38  Probe (Chrono Boost)  
  24  2:39  Assimilator  
  24  2:42  Probe (Chrono Boost)  
  26  2:49  Probe (Chrono Boost)  
  27  2:54  Pylon  
  27  2:57  Probe (Chrono Boost), Robotics Facility  
  28  3:11  Probe x2 (Chrono Boost)  
  30  3:15  Adept  
  30  3:17  Warp Gate  
  32  3:21  Probe (Chrono Boost)  
  32  3:24  Adept  
  32  3:36  Forge  
  32  3:44  Observer (Chrono Boost)  
  33  4:13  Adept x2  
  33  4:15  Warp Prism (Chrono Boost)  
  33  4:16  Probe  
  39  4:17  Probe  
  41  4:27  Probe  
  41  4:30  Probe  
  43  4:37  Probe  
  43  4:42  Probe  
  45  4:48  Probe  
  46  4:53  Twilight Council  
  46  4:54  Probe  
  46  4:55  Pylon  
  46  4:58  Probe  
  46  4:59  Pylon  
  47  5:06  Probe  
  47  5:07  Assimilator  
  49  5:08  Pylon  
  49  5:09  Probe  
  49  5:11  Pylon  
  49  5:12  Pylon  
  50  5:18  Probe  
  50  5:19  Probe  
  52  5:30  Probe x2  
  49  6:17  Adept x2  
Tags
 
Add a new tag
Caveats
  • Supply blocks, unpowered buildings, or Contaminate may cause inaccurate times.
  • Supply counts are checked every 10 seconds.